 Dungeon Crawl Stone Soup version 0.25.0-26-g0c896c7 (webtiles) character file.

Game seed: 13788731639045561534

38 robertstho the Poker (level 3, -2/30 HPs)
             Began as a Merfolk Berserker on July 2, 2020.
             Was a Follower of Trog.
             Slain by a kobold
             ... wielding a +0 short sword
              (5 damage)
             ... on level 1 of the Dungeon.
             The game lasted 00:01:19 (1192 turns).

robertstho the Poker (Merfolk Berserker)            Turns: 1192, Time: 00:01:19

Health: -2/30      AC:  2    Str: 18    XL:     3   Next: 43%
Magic:  3/3        EV: 13    Int:  6    God:    Trog [*.....]
Gold:   56         SH:  0    Dex: 13    Spells: 2/2 levels left

rFire    . . .     SeeInvis .   a - +0 spear
rCold    . . .     Gourm    .   (no shield)
rNeg     . . .     Faith    .   b - +0 animal skin
rPois    .         Spirit   .   (no helmet)
rElec    .         Reflect  .   (no cloak)
rCorr    .         Harm     .   (no gloves)
MR       .....                  (no boots)
Stlth    +.........             (no amulet)
HPRegen  0.10/turn              (no ring)
MPRegen  0.08/turn              (no ring)

@: slowed, very slow
A: change form in water, swift swim, stealthy swim
a: Berserk, Renounce Religion


You were on level 1 of the Dungeon.
You worshipped Trog.
Trog was aware of your devotion.
You were not hungry.

You visited 1 branch of the dungeon, and saw 2 of its levels.

You collected 56 gold pieces.

Inventory:

Hand Weapons
 a - a +0 spear (weapon)
Armour
 b - a +0 animal skin (worn)
Jewellery
 k - a cursed amulet of inaccuracy {unknown}
Scrolls
 f - a scroll of enchant weapon {unknown}
 g - a scroll of remove curse {unknown}
 j - a scroll of identify {unknown}
Potions
 i - a potion of curing {unknown}
Comestibles
 c - 2 rations


   Skills:
 * Level 3.9 Fighting
 * Level 5.1 Polearms
 * Level 1.7 Armour
 * Level 3.0 Dodging


You had 2 spell levels left.
You didn't know any spells.
Your spell library was empty.

Dungeon Overview and Level Annotations

Branches:
Dungeon (2/15)

Altars:

Annotations:
D:1 Natasha


Message History

Level annotation: Natasha An ooze comes into view.
The hobgoblin hits you but does no damage.
The kobold hits you with a +0 short sword.
There is a stone staircase leading up here.
Unknown command.
The bat barely misses you. The bat closely misses you. Natasha claws you!
The kobold hits you with a +0 short sword.
The hobgoblin hits you with a +0 club.
* * * LOW HITPOINT WARNING * * *
You climb upwards.
There is a stone staircase leading down here.
The bat hits you.
* * * LOW HITPOINT WARNING * * *
The kobold barely misses you. The hobgoblin hits you with a +0 club.
* * * LOW HITPOINT WARNING * * *
Natasha stares at you and mumbles some strange words.
You feel yourself slow down.
The kobold hits you with a +0 short sword.
You die...

#.....##.##........
###..................
#.......##.##........
#####....................
#.......#.####......##...
#.#......................
#.#..........#..........#
####.#...gK.....#...........
#.......bh.@................
######...####.............##
#.........................
#.######............##....
#.# #.....................
#.# #.......###...........
#.# #.......###...........
#.# #........##...........
#.# #.....................


You could see Natasha, a hobgoblin, a bat and a kobold.

Vanquished Creatures
  An adder (D:1)
  An ooze (D:1)
  A leopard gecko (D:1)
  A ball python (D:1)
  3 bats (D:1)
  2 giant cockroaches (D:1)
  6 goblins (D:1)
  A hobgoblin (D:1)
  3 kobolds (D:1)
  3 rats (D:1)
22 creatures vanquished.

Notes
Turn   | Place    | Note
-------+----------+-------------------------------------------
     0 | D:1      | robertstho the Merfolk Berserker began the quest for the
                  | Orb.
     0 | D:1      | Reached XP level 1. HP: 18/18 MP: 1/1
    87 | D:1      | Reached XP level 2. HP: 24/24 MP: 2/2
   794 | D:1      | Reached XP level 3. HP: 30/30 MP: 3/3
   852 | D:1      | Reached skill level 5 in Polearms
   923 | D:2      | Noticed Natasha
  1192 | D:1      | Slain by a kobold

Illustrated notes

Levels and vault maps discovered:
D:1:      dpeg_arrival_subterranean_lakeside_camping, layout_basic
D:2:      cheibrodos_old_hovel, layout_rooms, first_ration,
          roderic_st_hans_cross, uniq_natasha

Skill      XL: |  1  2  3 |
---------------+----------+-----
Polearms       | 5 |  5.1
Dodging        | 3 |  3.0
Fighting       | |  3.9
Armour         | |  1.7

Action                   || total
-------------------------++-------
Melee: Spear             ||    91
  Use: Potion            ||     2
 Stab: Invisible         ||     1
       Sleeping          ||     1
  Eat: Chunk             ||     1
Armor: Animal skin       ||    15
Dodge: Dodged            ||    78
